 Dungeon Crawl Stone Soup version 0.29.0-4-gdea44cf6ec (webtiles) character file.

Game seed: 3468641251049566123

43319 mainiacjoe the Fighter (level 13, -3/144 HPs)
             Began as a Troll Gladiator on Aug 26, 2022.
             Was the Champion of Okawaru.
             Slain by a black mamba (11 damage)
             ... on level 5 of the Lair of Beasts on Aug 27, 2022.
             The game lasted 00:45:53 (14475 turns).

mainiacjoe the Fighter (Troll Gladiator)           Turns: 14475, Time: 00:45:54

Health: -3/144     AC:  9    Str: 35    XL:     13   Next: 90%
Magic:  18/18      EV: 12    Int:  4    God:    Okawaru [******]
Gold:   890        SH: 11    Dex: 14    Spells: 12/12 levels left

rFire   . . .      SeeInvis .     - Unarmed
rCold   + . .      Faith    .   K - +5 kite shield "Ottenofa" {rC+ Dex+3}
rNeg    . . .      Spirit   .   u - +0 acid dragon scales
rPois   .          Reflect  .   U - +1 hat "Gosyppooll" {Rampage}
rElec   .          Harm     .   (no cloak)
rCorr   +          Rampage  +   (gloves unavailable)
Will    .....                   (boots unavailable)
Stlth   +.........              y - amulet of regeneration
HPRegen 1.94/turn               h - +6 ring of strength
MPRegen 0.16/turn               D - +4 ring of evasion

@: no status effects
A: large, unfitting armour, claws 3, regeneration 1, shaggy fur 1, tough skin 1
a: Renounce Religion, Heroism, Finesse, Duel


You were on level 5 of the Lair of Beasts.
You worshipped Okawaru.
Okawaru was exalted by your worship.
You visited 3 branches of the dungeon, and saw 17 of its levels.
You also visited: Ossuary and Gauntlet.

You collected 1100 gold pieces.
You spent 210 gold pieces at shops.

Inventory:

Hand Weapons
 b - a +2 sling
 w - the +10 hammer of Okawaru, Lusting {freeze, Dex+3}
   (You found it on level 6 of the Dungeon)

   It freezes those it strikes, dealing additional cold damage.
   It can also slow down cold-blooded creatures.
   Dex:       It affects your dexterity (+3).
Missiles
 c - 4 throwing nets {=F}
 i - 151 stones
 l - 5 atropa-tipped darts {=F}
 p - 27 poisoned darts (quivered)
 I - a boomerang
 M - 10 javelins {=F}
 R - 5 curare-tipped darts {=F}
 V - 2 large rocks
Armour
 n - a +2 hat of stealth
 u - +0 acid dragon scales (worn)
 K - the +5 kite shield "Ottenofa" (worn) {rC+ Dex+3}
   (You acquired it on level 4 of the Lair of Beasts)

   Dex:       It affects your dexterity (+3).
   rC:        It protects you from cold.
 L - the +0 hat of Jexav {*Slow rC+ Int+6 Slay+3}
   (You found it in a Gauntlet)

   Int:       It affects your intelligence (+6).
   Slay:      It affects your accuracy & damage with ranged weapons and melee
   (+3).
   rC:        It protects you from cold.
   *Slow:     It may slow you when you take damage.
 U - the +1 hat "Gosyppooll" (worn) {Rampage}
   (Okawaru gifted it to you on level 5 of the Lair of Beasts)

   Rampage:   It bestows one free step when moving towards enemies.
Jewellery
 a - a +6 ring of dexterity
 h - a +6 ring of strength (left claw)
 k - an amulet of reflection
 y - an amulet of regeneration (around neck)
 A - a ring of ice
 D - a +4 ring of evasion (right claw)
 E - a ring of protection from fire
Wands
 d - a wand of mindburst (20)
 v - a wand of light (23)
 B - a wand of flame (14)
 F - a wand of roots (5)
 P - a wand of polymorph (4)
Scrolls
 e - 9 scrolls of teleportation
 g - 4 scrolls of fear
 j - 3 scrolls of immolation
 o - a scroll of poison
 z - a scroll of blinking
 G - 2 scrolls of magic mapping
 H - 5 scrolls of enchant armour
 N - a scroll of amnesia
 O - 2 scrolls of vulnerability
 W - a scroll of torment {unknown}
Potions
 f - 5 potions of curing
 m - 6 potions of haste
 q - 4 potions of invisibility
 r - a potion of attraction
 s - 6 potions of heal wounds
 t - 4 potions of might
 x - 4 potions of flight
 C - 2 potions of lignification
 J - 4 potions of resistance
 S - a potion of ambrosia
 T - 2 potions of mutation
Miscellaneous
 Q - a lightning rod (4/4)


   Skills:
 + Level 13.5 Fighting
 + Level 10.0 Throwing
 - Level 2.4 Dodging
 - Level 12.5 Unarmed Combat
 + Level 8.8 Invocations


You had 12 spell levels left.
You didn't know any spells.
Your spell library contained the following spells:

 Spells                   Type           Power      Damage    Failure   Level
 Necrotise                Necr           0%         1d4       88%         1
 Sandblast                Erth           0%         2d4       88%         1
 Ensorcelled Hibernation  Hex/Ice        0%         N/A       95%         2
 Passwall                 Tmut/Erth      0%         N/A       95%         2
 Conjure Flame            Conj/Fire      0%         6-21      99%         3
 Dazzling Flash           Conj/Hex       0%         N/A       99%         3
 Ignite Poison            Fire/Tmut/Pois 0%         N/A       99%         3
 Stone Arrow              Conj/Erth      0%         3d7       99%         3
 Swiftness                Air            0%         N/A       99%         3
 Vampiric Draining        Necr           0%         2d6       99%         3
 Sticky Flame             Conj/Fire      0%         2d3       100%        4
 Agony                    Necr           0%         N/A       100%        5
 Silence                  Hex/Air        0%         N/A       100%        5
 Lehudib's Crystal Spear  Conj/Erth      0%         10d2      100%        8
 Animate Armour           Summ/Erth      Unusable   N/A       N/A         4
 Summon Forest            Summ/Tloc      Unusable   N/A       N/A         5
 Summon Mana Viper        Hex/Summ       Unusable   N/A       N/A         5
 Summon Cactus Giant      Summ           Unusable   N/A       N/A         6

Dungeon Overview and Level Annotations

Branches:
Dungeon (11/15)            Temple (1/1) D:4            Lair (5/5) D:8
  Swamp (0/4) Lair:3        Snake (0/4) Lair:2      Ossuary (visited)
Gauntlet (visited)
  Slime: Lair:4-5       Orc: D:9-12

Altars:
Ashenzari
Cheibriados
Dithmenos
Elyvilon
Fedhas
Gozag
Hepliaklqana
Kikubaaqudgha
Makhleb
Nemelex Xobeh
Okawaru
Qazlal
Ru
Sif Muna
Trog
Uskayaw
Vehumet
Wu Jian
Xom
Yredelemnul
Zin
The Shining One

Shops:
D:6 *   D:7 ?

Portals:
Trove: D:10 (give 14 scrolls of teleportation)

Annotations:
Lair:2 2 transporters


Innate Abilities, Weirdness & Mutations

You are too large for most types of armour.
You have claws for hands.
Your natural rate of healing is unusually fast.
You are covered in fur. (AC +1)
You have tough skin. (AC +1)


Message History

You kill the rime drake!
Okawaru accepts your kill.
You see here a +0 morningstar.
A black mamba comes into view.
The black mamba hisses angrily.
The black mamba bites you!
You are poisoned.
The black mamba poisons you!
You miss the black mamba.
You feel very sick. You block the black mamba's attack.
You miss the black mamba.
You feel sick. The black mamba bites you!
You are more poisoned.
The black mamba poisons you! The black mamba bites you.
* * * LOW HITPOINT WARNING * * *
You are more poisoned.
The black mamba poisons you!
You mangle the black mamba!!
The black mamba is heavily wounded.
* * * LOW HITPOINT WARNING * * *
You feel extremely sick. You block the black mamba's attack.
The black mamba misses you.
You scratch the black mamba.
The black mamba is severely wounded.
* * * LOW HITPOINT WARNING * * *
You feel extremely sick. The black mamba bites you!
* * * LOW HITPOINT WARNING * * *
You scratch the black mamba.
The black mamba is severely wounded.
* * * LOW HITPOINT WARNING * * *
You feel extremely sick. The black mamba barely misses you.
You block the black mamba's attack.
You closely miss the black mamba.
The black mamba is severely wounded.
* * * LOW HITPOINT WARNING * * *
You feel very sick. You block the black mamba's attack.
The black mamba misses you.
You feel better. The black mamba closely misses you. The black mamba bites you!
You die...

............
P......#.......
#........#.... P
......?P....# ..
##.....P.....##..#
#P.............#.##
#P.<.........###.P#
####..@...P##...##..###
.......S....#...###..#.#
...........#..(..#....#
..............(..†....##
.....................§P#
..........††)....^.....#
...............†......##
###.P....†............#
#.#....P...#......§.#


You could see a black mamba.

Vanquished Creatures
  Gastronok (D:8)
  A minotaur (Gauntlet)
  4 hydras
  4 catoblepae
  A two-headed ogre (D:11)
  9 death yaks (Lair:5)
  A deep elf zephyrmancer (D:9)
  11 elephants
  5 black mambas
  A gargoyle (D:10)
  9 cane toads
  4 rime drakes
  11 komodo dragons
  3 meliai (Gauntlet)
  2 polar bears
  A troll (D:11)
  2 hornets (D:11)
  Prince Ribbit (D:6)
  A wind drake (Lair:5)
  15 blink frogs
  6 dream sheep (Lair:5)
  A shadow (D:11)
  29 yaks
  6 wyverns
  A basilisk (Lair:1)
  A redback (Gauntlet)
  2 nagas (Lair:2)
  2 acid dragons
  13 water moccasins
  2 sky beasts
  An orc warrior (D:10)
  3 black bears
  4 ogres
  4 centaurs
  6 wolves (Lair:3)
  2 elf zombies (Ossuary)
  3 phantoms
  Blork the orc (D:6)
  A kobold brigand (D:11)
  16 bullfrogs
  A gnoll sergeant (D:9)
  3 necrophages
  5 scorpions
  13 wights (D:8)
  7 killer bees
  7 howler monkeys
  An electric eel (Lair:3)
  2 centaur zombies (Ossuary)
  A human zombie (Ossuary)
  5 orc priests
  Crazy Yiuf (D:6)
  4 hounds
  A gnoll bouda (D:9)
  6 orc wizards
  4 iguanas
  3 mummies
  10 gnolls
  6 adders
  2 white imps (D:7)
  An ufetubus (D:6)
  An adder zombie (Ossuary)
  2 worms
  2 dart slugs
  15 orcs
  9 bats
  6 endoplasms
  15 giant cockroaches
  2 goblins (D:1)
  8 hobgoblins
  6 jackals
  6 quokkas
  2 ball pythons
  4 frilled lizards
  A goblin zombie (Ossuary)
  5 hobgoblin zombies (Ossuary)
  A jackal zombie (Ossuary)
  16 kobolds
  8 kobold zombies (Ossuary)
  12 orc zombies (Ossuary)
  4 rats
  3 rat zombies (Ossuary)
  A butterfly (D:8)
403 creatures vanquished.

Vanquished Creatures (others)
  29 fungi
  36 plants
  4 toadstools (D:5)
  3 withered plants (Gauntlet)
72 creatures vanquished.

Grand Total: 475 creatures vanquished

Notes
Turn   | Place    | Note
-------+----------+-------------------------------------------
     0 | D:1      | mainiacjoe the Troll Gladiator began the quest for the Orb.
     0 | D:1      | Reached XP level 1. HP: 19/19 MP: 0/0
   127 | D:1      | Reached XP level 2. HP: 28/28 MP: 1/1
   162 | D:1      | Reached skill level 2 in Fighting
   495 | D:1      | Reached XP level 3. HP: 35/35 MP: 2/2
  1009 | D:2      | Found a faded altar of an unknown god.
  1049 | D:2      | Reached XP level 4. HP: 44/44 MP: 3/3
  1636 | D:3      | Found a burning altar of Makhleb.
  1763 | D:3      | Noticed an ogre
  1771 | D:3      | Killed an ogre
  1772 | D:3      | Reached skill level 3 in Fighting
  1772 | D:3      | Reached XP level 5. HP: 38/53 MP: 4/4
  1845 | D:3      | Identified the +1 scale mail "Tidowk" {rN+ Dex+2 Stlth+}
  1882 | D:3      | Noticed a phantom
  1895 | D:3      | Killed a phantom
  1896 | D:3      | Reached skill level 5 in Unarmed Combat
  2306 | D:4      | Found a shadowy altar of Dithmenos.
  2322 | D:4      | Noticed an ogre
  2322 | D:4      | Noticed a phantom
  2331 | D:4      | Killed an ogre
  2332 | D:4      | Reached skill level 4 in Fighting
  2332 | D:4      | Reached XP level 6. HP: 35/62 MP: 5/5
  2542 | D:4      | Reached XP level 7. HP: 31/71 MP: 6/6
  2903 | D:4      | Found a staircase to the Ecumenical Temple.
  2910 | Temple   | Entered the Ecumenical Temple
  2966 | Temple   | Became a worshipper of Warmaster Okawaru
  3075 | D:5      | Entered Level 5 of the Dungeon
  3125 | D:5      | Reached skill level 5 in Fighting
  3125 | D:5      | Reached skill level 1 in Invocations
  3452 | D:5      | Found a blossoming altar of Fedhas.
  4039 | D:6      | Reached XP level 8. HP: 76/77 MP: 7/9
  4065 | D:6      | Found a hazy altar of Hepliaklqana.
  4165 | D:6      | Reached * piety under Okawaru
  4224 | D:6      | Found a radiant altar of Vehumet.
  4285 | D:6      | Noticed Prince Ribbit
  4291 | D:6      | Killed Prince Ribbit
  4554 | D:6      | Found Gozag's Platinum Reserve.
  4571 | D:6      | Found an opulent altar of Gozag.
  4690 | D:6      | Found a runed translucent door.
  4691 | D:6      | Noticed Crazy Yiuf
  4697 | D:6      | Killed Crazy Yiuf
  4698 | D:6      | Reached skill level 6 in Fighting
  4701 | D:6      | Identified the +10 hammer of Okawaru, Lusting {freeze,
                  | Dex+3}
  4703 | D:6      | Identified the +6 hammer of Bogorud {venom, rF- rCorr
                  | Dex+8}
  4828 | D:6      | Noticed Blork the orc
  4832 | D:6      | Killed Blork the orc
  4833 | D:6      | Reached skill level 5 in Invocations
  4907 | D:7      | Reached ** piety under Okawaru
  5068 | D:7      | Reached XP level 9. HP: 89/89 MP: 11/11
  5088 | D:7      | Found Meaqop's Magic Scroll Shoppe.
  5100 | D:7      | Bought a scroll of teleportation for 45 gold pieces
  5100 | D:7      | Bought a scroll of identify for 30 gold pieces
  5100 | D:7      | Bought a scroll of identify for 30 gold pieces
  5100 | D:7      | Bought a scroll of teleportation for 45 gold pieces
  5100 | D:7      | Bought a scroll of identify for 30 gold pieces
  5100 | D:7      | Bought a scroll of identify for 30 gold pieces
  5654 | D:8      | Found a glowing silver altar of Zin.
  5680 | D:8      | Reached skill level 7 in Fighting
  5711 | D:8      | Noticed Gastronok
  5757 | D:8      | Reached *** piety under Okawaru
  5771 | D:8      | Killed Gastronok
  5772 | D:8      | Reached skill level 8 in Fighting
  5772 | D:8      | Reached skill level 10 in Unarmed Combat
  5772 | D:8      | Reached XP level 10. HP: 10/104 MP: 10/12
  5910 | D:8      | Found a staircase to the Lair.
  5930 | D:8      | Reached **** piety under Okawaru
  6214 | D:8      | Found a sand-covered staircase.
  6219 | Ossuary  | Entered an ossuary
  6629 | D:8      | Reached skill level 9 in Fighting
  6711 | D:8      | Found a runed translucent door.
  6713 | D:8      | Found a runed translucent door.
  7484 | D:9      | Noticed a deep elf zephyrmancer
  7491 | D:9      | Killed a deep elf zephyrmancer
  7491 | D:9      | Reached ***** piety under Okawaru
  7571 | D:9      | Found an ancient bone altar of Kikubaaqudgha.
  7675 | D:9      | Found a sparkling altar of Nemelex Xobeh.
  7771 | D:10     | Entered Level 10 of the Dungeon
  7785 | D:10     | Noticed a gargoyle
  7797 | D:10     | Killed a gargoyle
  7798 | D:10     | Reached XP level 11. HP: 109/117 MP: 13/13
  7823 | D:10     | Found a glowing golden altar of the Shining One.
  7917 | D:10     | Found a shimmering altar of Xom.
  8127 | D:10     | Found a snail-covered altar of Cheibriados.
  8198 | D:10     | Found a portal to a secret trove of treasure.
  8525 | D:11     | Reached skill level 10 in Fighting
  8574 | D:11     | Identified the +6 war axe of the Boiling Point {vorpal, rF-
                  | Will+ Str+4}
  8591 | D:11     | Found a gate leading to a gauntlet.
  8617 | Gauntlet | Entered a Gauntlet
  8617 | Gauntlet | Noticed an obsidian statue
  8617 | Gauntlet | Found a transporter.
  8620 | Gauntlet | Found a transporter.
  8636 | Gauntlet | Found a transporter.
  8640 | Gauntlet | Found a transporter.
  8660 | Gauntlet | Found a transporter.
  8673 | Gauntlet | Found a transporter.
  8679 | Gauntlet | Noticed a green death
  8682 | Gauntlet | Noticed an entropy weaver
  8686 | Gauntlet | Found a transporter.
  8706 | Gauntlet | Found a transporter.
  8710 | Gauntlet | Found a transporter.
  8718 | Gauntlet | Found a transporter.
  8739 | Gauntlet | Noticed an obsidian statue
  8740 | Gauntlet | Found a transporter.
  8744 | Gauntlet | Found a transporter.
  8919 | Gauntlet | Identified the +1 pair of gloves of the Antique God
                  | {Rampage Fly Int+3}
  8938 | Gauntlet | Identified the +0 hat of Jexav {*Slow rC+ Int+6 Slay+3}
  8942 | Gauntlet | Noticed a minotaur
  8963 | Gauntlet | Killed a minotaur
  9081 | D:11     | Noticed a two-headed ogre
  9101 | D:11     | Killed a two-headed ogre
  9101 | D:11     | Received a gift from Okawaru
  9953 | Lair:1   | Entered Level 1 of the Lair of Beasts
 10092 | Lair:1   | Reached skill level 11 in Fighting
 10204 | Lair:1   | Received a gift from Okawaru
 10253 | Lair:1   | Reached skill level 5 in Throwing
 10349 | Lair:1   | Identified the +0 great sword of Midwinter {holy, Int+3}
 10368 | Lair:1   | Reached XP level 12. HP: 130/130 MP: 14/14
 10384 | Lair:1   | Identified the +2 robe of the Sun {rCorr Int-3 Stlth+
                  | Archmagi} (Okawaru gifted it to you on level 1 of the Lair
                  | of Beasts)
 10384 | Lair:1   | Received a gift from Okawaru
 10717 | Lair:1   | Noticed a catoblepas
 10727 | Lair:1   | Killed a catoblepas
 10921 | Lair:2   | Found a staircase to the Snake Pit.
 10951 | Lair:2   | Reached skill level 12 in Fighting
 10969 | Lair:2   | Found a transporter.
 11262 | Lair:2   | Found a transporter.
 11612 | Lair:3   | Found a staircase to the Swamp.
 11964 | Lair:3   | Noticed a catoblepas
 11966 | Lair:3   | Noticed a five-headed hydra
 11993 | Lair:3   | You fall into a shaft and drop 1 floor!
 12093 | Lair:4   | Identified a scroll of acquirement
 12094 | Lair:4   | Acquired the +5 kite shield "Ottenofa" {rC+ Dex+3}
 12503 | Lair:3   | Killed a five-headed hydra
 12883 | Lair:3   | Killed a catoblepas
 13007 | Lair:4   | Noticed a seven-headed hydra
 13013 | Lair:4   | Killed a seven-headed hydra
 13013 | Lair:4   | Identified the +6 halberd "Grim" {vorpal, rC++ Will+}
                  | (Okawaru gifted it to you on level 4 of the Lair of Beasts)
 13013 | Lair:4   | Received a gift from Okawaru
 13053 | Lair:4   | Noticed a catoblepas
 13066 | Lair:4   | Killed a catoblepas
 13127 | Lair:4   | Reached XP level 13. HP: 90/141 MP: 17/17
 13525 | Lair:4   | Received a gift from Okawaru
 14028 | Lair:5   | Entered Level 5 of the Lair of Beasts
 14130 | Lair:5   | Received a gift from Okawaru
 14131 | Lair:5   | Reached skill level 13 in Fighting
 14140 | Lair:5   | Reached ****** piety under Okawaru
 14146 | Lair:5   | Identified the +1 hat "Gosyppooll" {Rampage} (Okawaru
                  | gifted it to you on level 5 of the Lair of Beasts)
 14146 | Lair:5   | Received a gift from Okawaru
 14460 | Lair:5   | Reached skill level 10 in Throwing
 14473 | Lair:5   | HP: 5/144 [poisoned by a black mamba]
 14474 | Lair:5   | HP: 1/144 [poisoned by a black mamba]
 14475 | Lair:5   | Slain by a black mamba

Illustrated notes

Levels and vault maps discovered:
D:1:      dpeg_arrival_simpleton_b, layout_loops_ring, serial_glass,
          glass_columns_a, glass_columns_a, minmay_misc_feat_iff
D:2:      layout_loops_ring, chequers_ecumenical_altar_simple,
          kennysheep_generic_room_5
D:3:      layout_loops_corners, lightli_temple_of_fire, minmay_strange_pillars,
          chequers_arboretum
D:4:      layout_rooms, lemuel_round_altar, minmay_temple_entry_mini_moons
D:5:      layout_cave_pods, fedhas_altar_1, minmay_gold_behind_fungi,
          eino_tiny_chamber
D:6:      layout_loops_ring, nicolae_overflow_crystal_walls,
          nicolae_gozag_zags_fifth_avenue, mainiacjoe_overflow_small_starburst,
          uniq_blork_the_orc, uniq_prince_ribbit1, uniq_crazy_yiuf_cottage
D:7:      layout_loops_ring, serial_shops, shop
D:8:      lemuel_insect_pit, layout_loops_ring, mainiacjoe_overflow_catwalk,
          david_lair_generic, serial_co_window_serial, co_window_paths_a,
          co_window_of_opportunity_a, co_window_corner_a, co_window_corner_a,
          co_window_paths_b, co_window_corner_a, co_window_corner_a,
          co_window_corner_a, co_window_paths_a, co_window_broadway_a,
          co_window_of_opportunity_c, co_window_of_opportunity_c,
          co_window_paths_e, glass_columns_a, glass_columns_a, glass_columns_c,
          glass_columns_b, lightli_ossuary_entry_decrepit_ruins, uniq_gastronok
D:9:      layout_cave_pools, kennysheep_little_box,
          mainiacjoe_overflow_24_doors, guppyfry_early_elven_hall
D:10:     layout_roguey, tso_metal_star, slow_altar_1,
          nicolae_overflow_hidden_temple, nicolae_trove_entry_diagonal
D:11:     layout_loops_cross, gauntlet_entry_generic
Temple:   eino_wide_crystal_templ
Lair:1:   layout_roguey, beast_lair_carwin_2
Lair:2:   gammafunk_worm_tunnel, layout_hall_layers, guppyfry_snake_entry_island
Lair:3:   layout_regular_city, swamp_mist, infiniplex_staircase_pool
Lair:4:   layout_regular_city, grunt_megastairs_2
Lair:5:   gammafunk_lair_ancient_temple, layout_regular_city, slime_entry_1

Skill      XL: |  1  2  3  4  5  6  7  8  9 10 11 12 13 |
---------------+----------------------------------------+-----
Fighting       | 2 3 4 5 6 8 9 11 12 13 | 13.5
Unarmed Combat | 4 5 6 7 10 11 12 | 12.5
Invocations    | 2 5 6 8 |  8.8
Throwing       | 5 8 10 | 10.0
Dodging        | |  2.4

Action                   |  1- 3 |  4- 6 |  7- 9 | 10-12 | 13-15 || total
-------------------------+-------+-------+-------+-------+-------++-------
Melee: Unarmed           |   101 |    88 |   183 |   510 |   194 ||  1076
       Punch             |     1 |     3 |     8 |    16 |       ||    28
       Mace              |       |       |       |     4 |    15 ||    19
 Fire: Sling             |       |     6 |    27 |    92 |    36 ||   161
       Shortbow          |       |       |    45 |    91 |       ||   136
Throw: Large rock        |       |     1 |       |       |       ||     1
       Dart              |       |     2 |     1 |     5 |    21 ||    29
       Javelin           |       |       |       |     5 |     4 ||     9
       Boomerang         |       |       |       |     2 |       ||     2
Invok: Heroism           |       |       |     2 |    13 |     4 ||    19
       Finesse           |       |       |       |     1 |     2 ||     3
Evoke: Wand              |       |       |     3 |     1 |       ||     4
  Use: Scroll            |     1 |     3 |    15 |    16 |     2 ||    37
       Potion            |       |       |     2 |     1 |     2 ||     5
 Stab: Sleeping          |       |     1 |     2 |       |       ||     3
       Invisible         |       |       |       |     2 |       ||     2
       Petrified         |       |       |       |       |    12 ||    12
       Petrifying        |       |       |       |       |     1 ||     1
Armor: Robe              |    30 |    18 |    48 |    22 |       ||   118
       Acid dragon scale |       |       |       |   116 |    45 ||   161
Dodge: Dodged            |    55 |    36 |    94 |   253 |    65 ||   503
Block: Other             |     7 |    18 |    44 |    47 |       ||   116
       Reflection        |       |       |     2 |     1 |       ||     3
       Kite shield       |       |       |       |   152 |   125 ||   277
